 Dungeon Crawl Stone Soup version 0.24-a0-619-gb7544fd (console) character file.

Game seed: 7772454023406181407, levelgen mode: deterministic

1371 vegansnacktivist the Magician (level 8, -4/54 HPs)
             Began as an Octopode Transmuter on Sept 16, 2019.
             Slain by a centaur (8 damage)
             ... on level 5 of the Dungeon.
             The game lasted 00:09:41 (6098 turns).

vegansnacktivist the Magician (Octopode Transmuter) Turns: 6098, Time: 00:09:42

Health: -4/54      AC:  1    Str: 12    XL:     8   Next: 65%
Magic:  16/17      EV: 13    Int: 15    God:
Gold:   117        SH:  0    Dex: 12    Spells: 10/20 levels left

rFire    . . .     SeeInvis .     - Unarmed
rCold    . . .     Gourm    .   (no shield)
rNeg     . . .     Faith    .   (helmet restricted)
rPois    .         Spirit   .   (no amulet)
rElec    .         Reflect  .   (no ring)
rCorr    .         Harm     .   (no ring)
MR       .....                  (no ring)
Stlth    ++........             (no ring)
HPRegen  0.18/turn              (no ring)
MPRegen  0.15/turn              (no ring)
                                (no ring)
                                (no ring)

@: appendage
A: almost no armour, stealthy swim, amphibious, 8 rings, constrict 8, tentacle
spike 3, camouflage 1, gelatinous body 1
a: End Transformation


You were on level 5 of the Dungeon.
You were near starving.
One of your tentacles had a temporary spike.
You visited 1 branch of the dungeon, and saw 5 of its levels.

You collected 117 gold pieces.

Inventory:

Hand Weapons
 k - a +7 rapier of speed
Missiles
 a - 51 arrows
Wands
 n - a wand of flame (19)
Scrolls
 j - 2 scrolls of blinking {unknown}
 l - a scroll of magic mapping {unknown}
 m - 4 scrolls of remove curse {unknown}
 o - 2 scrolls of teleportation {unknown}
 p - 2 scrolls of amnesia {unknown}
Potions
 b - 2 potions of cancellation
 d - 2 potions of haste
 f - a potion of ambrosia
 g - a potion of brilliance
 h - a potion of agility
 i - 2 potions of curing
 q - 2 potions of might {unknown}
Comestibles
 c - 8 rations


   Skills:
 - Level 4.1 Fighting
 - Level 2.0 Dodging
 - Level 5.1 Unarmed Combat
 + Level 6.5 Spellcasting
 - Level 5.2 Transmutations


You had 10 spell levels left.
You knew the following spells:

 Your Spells              Type           Power        Failure   Level  Hunger
a - Beastly Appendage     Tmut           ###...       1%          1    None
b - Sticks to Snakes      Tmut           ###.....     2%          2    #......
c - Spider Form           Tmut/Pois      ##........   14%         3    ##.....
d - Ice Form              Ice/Tmut       ##......     43%         4    ####...

Your spell library contained the following spells:

 Spells                   Type           Power        Failure   Level  Hunger
 Magic Dart               Conj           #...         14%         1    None
 Blink                    Tloc           N/A          22%         2    #......
 Call Imp                 Summ           #.......     22%         2    #......
 Slow                     Hex            #.......     22%         2    #......
 Conjure Flame            Conj/Fire      #.......     38%         3    ##.....
 Mephitic Cloud           Conj/Pois/Air  #.......     38%         3    ##.....
 Blade Hands              Tmut           ###.......   41%         5    ######.


Dungeon Overview and Level Annotations

Branches:
Dungeon (5/15)
 Temple: D:4-7

Altars:
Kikubaaqudgha
Nemelex Xobeh
Qazlal
Uskayaw
Vehumet
Wu Jian
Xom
Yredelemnul


Innate Abilities, Weirdness & Mutations

You cannot wear most types of armour.
You are very stealthy in the water. (Stealth+)
You are amphibious.
You can wear up to eight rings at the same time.
You can use your tentacles to constrict eight enemies at once.
Your skin changes colour to match your surroundings (Stealth+).
Your rubbery body absorbs attacks. (AC +1, EV +1)
One of your tentacles bears a large vicious spike.


Message History

You are too injured to fight recklessly!
You tentacle-slap the centaur.
The centaur is heavily wounded.
The hound misses you. The centaur barely misses you.
The hound closely misses you.
You tentacle-slap the centaur.
The centaur is severely wounded.
The centaur barely misses you. The hound closely misses you.
The centaur misses you.
You tentacle-slap the centaur.
The centaur is almost dead.
The hound bites you. The centaur hits you.
* * * LOW HITPOINT WARNING * * *
Casting: Spider Form (safe; 14% risk of failure)
Confirm with . or Enter, or press ? or * to list all spells.
One of your tentacles grows a vicious spike.
The hound barely misses you. The centaur hits you!
* * * LOW HITPOINT WARNING * * *
The hound closely misses you. The centaur hits you!
You die...

#.#.....[.......#.##
#.##....###.#..##......
..>... #.#..#####.##
#..####.#..# #...
#......#...# #..#
#..####.#.## #..# #..#
#...# # #..#####..#
#.@h......# #c.#####.##
#... ... ##.## .# #.#
.# #.# #.# #.# #. #.#


You could see a centaur and a hound.

Vanquished Creatures
  Pikel (D:5)
  Duvessa (D:4)
  2 ice beasts (D:5)
  2 slaves (D:5)
  A centaur (D:5)
  Dowan (D:4)
  A crimson imp (D:5)
  A hound (D:5)
  An orc priest (D:2)
  Ijyb (D:4)
  Terence (D:2)
  An iguana (D:4)
  3 orc wizards
  Natasha (thrice) (D:2)
  2 worker ants (D:4)
  A hound skeleton (D:3)
  4 adders
  A shadow imp (D:5)
  An adder skeleton (D:4)
  2 worms
  A dart slug (D:1)
  2 leopard geckos
  10 orcs
  6 bats
  5 giant cockroaches
  5 hobgoblins
  3 quokkas
  A ball python (D:3)
  5 frilled lizards
  8 goblins
  10 kobolds
  6 rats
93 creatures vanquished.

Notes
Turn   | Place    | Note
-------+----------+-------------------------------------------
     0 | D:1      | vegansnacktivist the Octopode Transmuter began the quest
                  | for the Orb.
     0 | D:1      | Reached XP level 1. HP: 13/13 MP: 3/3
   116 | D:1      | Reached XP level 2. HP: 14/18 MP: 5/5
  1028 | D:1      | Learned a level 2 spell: Sticks to Snakes
  1093 | D:2      | Found a radiant altar of Vehumet.
  1160 | D:2      | Noticed Terence
  1171 | D:2      | Killed Terence
  1171 | D:2      | Reached XP level 3. HP: 16/23 MP: 6/6
  1538 | D:2      | Found a basalt altar of Yredelemnul.
  1590 | D:2      | Reached XP level 4. HP: 14/28 MP: 4/7
  1832 | D:2      | Noticed Natasha
  1843 | D:2      | Killed Natasha
  1843 | D:2      | Reached skill level 5 in Unarmed Combat
  1987 | D:2      | Learned a level 3 spell: Spider Form
  2285 | D:3      | Reached XP level 5. HP: 29/34 MP: 1/8
  2308 | D:2      | Noticed Natasha
  2445 | D:2      | Killed Natasha
  2519 | D:2      | Noticed Natasha
  2528 | D:2      | Killed Natasha
  2729 | D:3      | Found a hide-covered altar of Uskayaw.
  2742 | D:3      | Reached XP level 6. HP: 36/43 MP: 9/9
  2754 | D:3      | Found a sparkling altar of Nemelex Xobeh.
  2756 | D:3      | Found an ancient bone altar of Kikubaaqudgha.
  2757 | D:3      | Found an ornate altar of the Wu Jian Council.
  2758 | D:3      | Found a shimmering altar of Xom.
  2892 | D:3      | Found a stormy altar of Qazlal.
  3651 | D:4      | Noticed Ijyb
  3667 | D:4      | Killed Ijyb
  4022 | D:4      | Noticed Duvessa
  4022 | D:4      | Noticed Dowan
  4056 | D:4      | Killed Duvessa
  4056 | D:4      | Reached XP level 7. HP: 16/48 MP: 7/10
  4084 | D:4      | Killed Dowan
  4084 | D:4      | Reached skill level 5 in Transmutations
  4447 | D:5      | Entered Level 5 of the Dungeon
  4894 | D:4      | HP: 1/48 [phantom (9)]
  5267 | D:5      | Learned a level 4 spell: Ice Form
  5290 | D:5      | Reached skill level 3 in Spellcasting
  5500 | D:5      | Reached skill level 4 in Spellcasting
  5500 | D:5      | Reached XP level 8. HP: 54/54 MP: 8/14
  5707 | D:5      | Noticed Pikel
  6059 | D:5      | Killed Pikel
  6059 | D:5      | Reached skill level 6 in Spellcasting
  6098 | D:5      | Slain by a centaur

Levels and vault maps discovered:
D:1:      dpeg_arrival_arbitrary_a, layout_rooms
D:2:      layout_basic, nicolae_overflow_crystal_walls,
          lemuel_coloured_pillars_altar, first_ration, uniq_natasha,
          uniq_terence
D:3:      layout_basic, minitemple, corexii_hall_statues_i,
          grunt_qazlal_sundering
D:4:      layout_basic, uniq_ijyb, uniq_duvessa
D:5:      layout_loops_ring, uniq_pikel

Skill      XL: |  1  2  3  4  5  6  7  8 |
---------------+-------------------------+-----
Unarmed Combat | 4 5 |  5.1
Fighting       | 2 3 4 |  4.1
Transmutations | 4 5 |  5.2
Spellcasting   | 4 6 |  6.5
Dodging        | |  2.0

Action                   |  1- 3 |  4- 6 |  7- 9 || total
-------------------------+-------+-------+-------++-------
Melee: Unarmed           |    80 |   136 |    94 ||   310
       Constrict         |    19 |    26 |    10 ||    55
       Kick              |     3 |     8 |     9 ||    20
       Tentacles         |     7 |    12 |     9 ||    28
       Punch             |     1 |       |     1 ||     2
 Cast: Beastly Appendage |     5 |    11 |     6 ||    22
       Spider Form       |       |     7 |     2 ||     9
       Sticks to Snakes  |       |       |     5 ||     5
       Ice Form          |       |       |     2 ||     2
  Use: Scroll            |       |     1 |     6 ||     7
       Potion            |       |       |     1 ||     1
 Stab: Sleeping          |     7 |     4 |     1 ||    12
  Eat: Chunk             |     1 |    10 |     3 ||    14
       Ration            |       |       |     1 ||     1
Armor: Skin              |     4 |    10 |    11 ||    25
Dodge: Dodged            |    41 |   101 |    67 ||   209

Table legend:
 A = Non-vault XP
 B = Vault XP
 C = Vault XP percentage of total XP
 D = Non-vault monster count
 E = Vault monster count
 F = Vault count percentage of total count
                 A         B        C        D         E       F
            +---------+---------+-------+---------+---------+-------
      Total |    1001 |     958 |  48.9 |      85 |       6 |   6.6
            +---------+---------+-------+---------+---------+-------
        D:1 |      22 |       0 |   0.0 |      16 |       0 |   0.0
        D:2 |     180 |      71 |  28.3 |      21 |       2 |   8.7
        D:3 |      77 |       0 |   0.0 |      21 |       0 |   0.0
        D:4 |     217 |     258 |  54.3 |      16 |       3 |  15.8
        D:5 |     505 |     629 |  55.5 |      11 |       1 |   8.3
            +---------+---------+-------+---------+---------+-------
